 Dungeon Crawl Stone Soup version 0.25-a0-458-g6fc7858b95 (webtiles) character file.

Game seed: 16245903179443628081, levelgen mode: deterministic

23 Error4North the Skirmisher (level 2, -3/27 HPs)
             Began as a Hill Orc Fighter on Feb 2, 2020.
             Slain by a gnoll
             ... wielding a cursed -2 flail
              (8 damage)
             ... on level 1 of the Dungeon.
             The game lasted 00:02:11 (884 turns).

Error4North the Skirmisher (Hill Orc Fighter)        Turns: 884, Time: 00:02:12

Health: -3/27      AC:  6    Str: 18    XL:     2   Next: 95%
Magic:  2/2        EV:  7    Int:  8    God:
Gold:   76         SH:  9    Dex: 10    Spells: 1/1 levels left

rFire    . . .     SeeInvis .   a - +0 war axe
rCold    . . .     Gourm    .   c - +0 shield
rNeg     . . .     Faith    .   b - +0 scale mail
rPois    .         Spirit   .   (no helmet)
rElec    .         Reflect  .   (no cloak)
rCorr    +         Harm     .   (no gloves)
MR       .....                  (no boots)
Stlth    ..........             (no amulet)
HPRegen  0.09/turn              j - ring of resist corrosion
MPRegen  0.08/turn              (no ring)

@: no status effects
A: no striking features
a: no special abilities


You were on level 1 of the Dungeon.
You were not hungry.

You visited 1 branch of the dungeon, and saw 1 of its levels.

You collected 76 gold pieces.

Inventory:

Hand Weapons
 a - a +0 war axe (weapon)
Armour
 b - a +0 scale mail (worn)
 c - a +0 shield (worn)
Jewellery
 j - a ring of resist corrosion (left hand)
 m - a cursed -2 ring of intelligence {unknown}
Scrolls
 e - 3 scrolls of teleportation {unknown}
 i - a scroll of fear {unknown}
 l - a scroll of identify {unknown}
Potions
 d - a potion of might
 h - a potion of mutation {unknown}
 k - a potion of haste {unknown}
Comestibles
 f - 5 rations
 g - a chunk of flesh


   Skills:
 + Level 4.0 Fighting
 + Level 2.8 Axes
 * Level 3.5 Armour
 * Level 3.8 Shields


You had one spell level left.
You didn't know any spells.
Your spell library was empty.

Dungeon Overview and Level Annotations

Branches:
Dungeon (1/15)

Altars:


Message History

The kobold throws a stone.
You block the stone.
You see here a stone.
You slash the kobold!
You kill the kobold!
Things that are here:
a +0 whip; a kobold corpse A gnoll comes into view.
It is wielding a -2 flail.
The gnoll shouts!
The gnoll hits you with a cursed -2 flail.
You closely miss the gnoll.
The gnoll hits you with a cursed -2 flail!
You hit the gnoll.
The gnoll is moderately wounded.
The gnoll hits you with a cursed -2 flail!
You slash the gnoll!
The gnoll is almost dead.
The gnoll hits you with a cursed -2 flail.
* * * LOW HITPOINT WARNING * * *
The gnoll hits you with a cursed -2 flail!
You die...

##############..#
..............#.#
########.####(..##########
.....# #......>..........#
####.#######.###########.#
####.......#.# #.......#.#
...........#.#
#.#####.#.########
############.#
#.#..............# #.#
#@#.###.#.####.###
######### #.# #g# #.#.#
#.# ........# #.# #.#
#.#.# #.# #######.# #.#
#.# #.#.# #.# #รท# #.# #.#
#.#.# #.# #.# #.# #.#
#.#.# #)# #.####.# #.#
..#.# #.# #.#....# #.#
###.# #.# #.#.#### #.#


You could see a gnoll.

Vanquished Creatures
  An ooze (D:1)
  A dart slug (D:1)
  2 bats (D:1)
  A giant cockroach (D:1)
  3 goblins (D:1)
  A hobgoblin (D:1)
  A frilled lizard (D:1)
  6 kobolds (D:1)
16 creatures vanquished.

Notes
Turn   | Place    | Note
-------+----------+-------------------------------------------
     0 | D:1      | Error4North the Hill Orc Fighter began the quest for the
                  | Orb.
     0 | D:1      | Reached XP level 1. HP: 19/19 MP: 1/1
   497 | D:1      | Reached XP level 2. HP: 27/27 MP: 2/2
   502 | D:1      | Reached skill level 4 in Fighting
   884 | D:1      | Slain by a gnoll

Levels and vault maps discovered:
D:1:      erik_arrival_cave_to_civilisation [erik_arrival_cave_to_hall],
          layout_basic, minivault_5, minmay_tall_x

Skill      XL: |  1  2 |
---------------+-------+-----
Fighting       | 4 |  4.0
Axes           | |  2.8
Armour         | |  3.5
Shields        | |  3.8

Action                   || total
-------------------------++-------
Melee: War axe           ||    53
Armor: Scale mail        ||    17
Dodge: Dodged            ||    17
Block: Shield            ||    22

Table legend:
 A = Non-vault XP
 B = Vault XP
 C = Vault XP percentage of total XP
 D = Non-vault monster count
 E = Vault monster count
 F = Vault count percentage of total count
                 A         B        C        D         E       F
            +---------+---------+-------+---------+---------+-------
      Total |      23 |      10 |  30.3 |      12 |       4 |  25.0
            +---------+---------+-------+---------+---------+-------
        D:1 |      23 |      10 |  30.3 |      12 |       4 |  25.0
            +---------+---------+-------+---------+---------+-------
